 Dungeon Crawl Stone Soup version 0.31-a0-557-g6e16503903 (webtiles) character file.

Game seed: 8438226779525359172

7879 RapScallion the Marksgargoyle (level 11, -2/66 (68) HPs)
             Began as a Gargoyle Hunter on Mar 6, 2023.
             Was a Priest of Uskayaw.
             Killed from afar by Nergalle (9 damage)
             ... with a bolt of negative energy
             ... on level 10 of the Dungeon on Aug 17, 2023.
             The game lasted 00:31:36 (8116 turns).

RapScallion the Marksgargoyle (Gargoyle Hunter)     Turns: 8116, Time: 00:31:37

HP:   -2/66 (68)    AC: 20    Str: 22    XL:     11   Next: 22%
MP:   11/11         EV: 13    Int: 11    God:    Uskayaw [***...]
Gold: 639           SH:  0    Dex: 17    Spells: 10/10 levels left

rFire   . . .        a - +0 shortbow
rCold   . . .        (shield currently unavailable)
rNeg    + . .        d - +4 leather armour "Cumurib" {Contam Regen+ Str+2}
rPois   ∞            (no helmet)
rElec   +            (no cloak)
rCorr   .            h - +0 pair of gloves
SInv    .            (no boots)
Will    .....        (no amulet)
Stlth   ++           k - +4 ring of protection
HPRegen 1.11/turn    w - +6 ring of strength
MPRegen 0.12/turn

%: no passive effects
@: lightly drained
A: sickness immunity, AC +8, negative energy resistance 1, electricity
resistance, torment resistance 1, petrification resistance
a: Renounce Religion, Stomp, Line Pass


You were on level 10 of the Dungeon.
You worshipped Uskayaw.
Uskayaw was noncommittal.
You visited 2 branches of the dungeon, and saw 11 of its levels.

You collected 825 gold pieces.
You spent 186 gold pieces at shops.

Inventory:

Hand Weapons
 a - a +0 shortbow (weapon)
 t - a +4 short sword
 C - a -2 demon whip of venom
Armour
 d - the +4 leather armour "Cumurib" (worn) {Contam Regen+ Str+2}
   (You bought it in a shop on level 3 of the Dungeon)

   Str+2:     It affects your strength (+2).
   Contam:    It causes magical contamination when unequipped.
   Regen+:    It increases your rate of health regeneration.
 h - a +0 pair of gloves (worn)
 B - a +0 kite shield
Jewellery
 c - an amulet of magic regeneration
 k - a +4 ring of protection (left hand)
 o - a ring of flight
 w - a +6 ring of strength (right hand)
 y - a ring of resist corrosion
Wands
 p - a wand of polymorph (6)
 z - a wand of roots (11)
 A - a wand of flame (16)
Scrolls
 b - a scroll of immolation
 e - a scroll of identify
 f - 2 scrolls of teleportation
 g - 3 scrolls of enchant weapon
 l - a scroll of enchant armour
 v - a scroll of amnesia
 E - a scroll of blinking
 G - a scroll of vulnerability
Potions
 i - a potion of enlightenment
 j - 3 potions of heal wounds
 m - 3 potions of haste
 n - 3 potions of brilliance
 q - a potion of might {unknown}
 r - 5 potions of curing
 s - 2 potions of cancellation {unknown}
 u - 2 potions of degeneration {unknown}
 x - 3 potions of attraction
 D - 3 potions of ambrosia


   Skills:
 - Level 8.0 Fighting
 + Level 15.2 Ranged Weapons
 - Level 3.0 Dodging
 - Level 3.7 Stealth


You had 10 spell levels left.
You didn't know any spells.
Your spell library contained the following spells:

 Spells                   Type           Power      Damage    Failure   Level
 Magic Dart               Conj           0%         1d3       38%         1
 Sting                    Tmut/Pois      0%         1d3       38%         1
 Blink                    Tloc           0%         N/A       52%         2
 Call Imp                 Summ           0%         N/A       52%         2
 Lesser Beckoning         Tloc           0%         N/A       52%         2
 Momentum Strike          Conj/Tloc      0%         3d8       52%         2
 Poisonous Vapours        Pois/Air       0%         N/A       52%         2
 Mephitic Cloud           Conj/Pois/Air  0%         N/A       77%         3
 Portal Projectile        Hex/Tloc       0%         N/A       77%         3
 Summon Guardian Golem    Hex/Summ       0%         N/A       77%         3
 Tukima's Dance           Hex            0%         N/A       77%         3
 Leda's Liquefaction      Hex/Erth       0%         N/A       99%         4
 Olgreb's Toxic Radiance  Pois           0%         N/A       99%         4
 Lee's Rapid Deconstruct  Erth           0%         3d4*      100%        5
 Yara's Violent Unravell  Hex/Tmut       0%         3d3       100%        5


Dungeon Overview and Level Annotations

Branches:
Dungeon (10/15)            Temple (1/1) D:4            Lair (0/5) D:9
    Orc (0/2) D:9

Altars:
Ashenzari
Cheibriados
Dithmenos
Elyvilon
Fedhas
Gozag
Hepliaklqana
Kikubaaqudgha
Makhleb
Nemelex Xobeh
Okawaru
Qazlal
Ru
Sif Muna
Trog
Uskayaw
Vehumet
Wu Jian
Xom
Yredelemnul
Zin
The Shining One

Shops:
D:2 ?   D:3 [   D:6 [*(:   D:9 :(

Annotations:
D:10 Nergalle


Innate Abilities, Weirdness & Mutations

You are immune to sickness and miasma.
Your stone body is resilient. (AC +8)
You are immune to poison.
You resist negative energy. (rN+)
You are resistant to electric shocks. (rElec)
You are resistant to unholy torment.
You are immune to petrification.


Message History

The spectral orc knight hits you with a +0 battleaxe.
The spectral orc warrior closely misses you.
The spectral orc warrior hits you with a +0 scimitar!
Nergalle hits you but does no damage.
The spectral orc knight barely misses you.
You are too injured to fight recklessly!
Unknown command.
You are too injured to fight recklessly!
Unknown command.
You are too injured to fight recklessly!
Unknown command.
You are too injured to fight recklessly!
Unknown command.
You are too injured to fight recklessly!
Unknown command.
You are too injured to fight recklessly!
Unknown command.
You are too injured to fight recklessly!
Unknown command.
You are too injured to fight recklessly!
Unknown command.
The spectral orc knight attacks as you move away!
The spectral orc knight misses you. Nergalle attacks as you move away!
Nergalle hits you but does no damage.
The spectral orc warrior barely misses you.
You shoot an arrow. The arrow hits Nergalle!
Nergalle is heavily wounded.
The spectral orc warrior hits you but does no damage.
The spectral orc knight hits you with a +0 battleaxe!
* * * LOW HITPOINT WARNING * * *
Uskayaw will force your foes to helplessly watch your dance.
You shoot an arrow. The arrow hits Nergalle!
Nergalle is severely wounded.
The spectral orc warrior hits you but does no damage.
The spectral orc warrior barely misses you.
The spectral orc knight hits you with a +0 battleaxe!
* * * LOW HITPOINT WARNING * * *
Nergalle casts a spell at you. The bolt of negative energy hits you!
You partially resist.
You feel drained.
You die...

..........~.!........
#~~~~.....~~.~~~.~.....#
~...~~~≈~...~~≈.........
......~~~~~~~≈~~~~~~~...
...........~.~≈~.~O.~~~
........~~..~~..Z...
##+#.....~~~~~..o.##
...............@Z..#
.......<.......Z...#
..........#........#
..........#........#
..........#........#
.....#########+#####
..... .... ....


You could see Nergalle, a two-headed ogre, 2 spectral orc warriors and a
spectral orc knight (summoned, fast).

Vanquished Creatures
  Amaemon (D:7)
  An orange demon (D:8)
  Maggie (D:6)
  2 hornets (D:7)
  A troll (D:8)
  A wyvern (D:8)
  7 yaks
  A wraith (D:8)
  Eustachio (D:4)
  2 steam dragons
  An acid dragon (D:9)
  2 water moccasins (D:7)
  A black bear (D:6)
  3 ice beasts
  3 sky beasts
  6 orc warriors
  A wolf (D:10)
  7 centaurs
  2 kobold brigands
  3 bullfrogs
  A gnoll sergeant (D:7)
  3 scorpions
  4 wights (D:7)
  6 killer bees
  An electric eel (D:7)
  2 hounds (D:4)
  2 jellies
  7 orc priests
  3 sleepcaps
  4 iguanas
  12 orc wizards
  3 hell rats (D:8)
  A centaur simulacrum (D:10)
  5 gnolls (D:7)
  3 adders
  8 river rats (D:8)
  2 shadow imps
  3 white imps
  An ufetubus (D:5)
  A dart slug (D:1)
  32 orcs
  9 bats
  6 endoplasms
  4 giant cockroaches
  4 goblins
  6 hobgoblins
  2 jackals (D:3)
  6 quokkas (D:8)
  5 ball pythons
  5 frilled lizards
  14 kobolds
  26 rats
238 creatures vanquished.

Vanquished Creatures (others)
  An orc wizard (D:7)
1 creature vanquished.

Grand Total: 239 creatures vanquished

Notes
Turn   | Place    | Note
-------+----------+-------------------------------------------
     0 | D:1      | RapScallion the Gargoyle Hunter began the quest for the
                  | Orb.
     0 | D:1      | Reached XP level 1. HP: 12/12 MP: 1/1
    65 | D:1      | Reached XP level 2. HP: 18/18 MP: 2/2
   424 | D:1      | Reached XP level 3. HP: 22/22 MP: 3/3
  1046 | D:2      | Found The Oracle's Delphic Readings.
  1051 | D:2      | Bought a scroll of identify for 24 gold pieces
  1051 | D:2      | Bought a scroll of teleportation for 36 gold pieces
  1280 | D:2      | Found a faded altar of an unknown god.
  1414 | D:3      | Reached XP level 4. HP: 27/27 MP: 4/4
  1453 | D:3      | Found Ysishr Jaeh's Antique Armour Emporium.
  1857 | D:4      | Noticed Eustachio
  1863 | D:4      | Reached XP level 5. HP: 32/32 MP: 5/5
  1972 | D:4      | Killed Eustachio
  1973 | D:4      | Reached skill level 5 in Ranged Weapons
  1973 | D:4      | Reached XP level 6. HP: 31/38 MP: 6/6
  2139 | D:4      | Found a staircase to the Ecumenical Temple.
  2144 | Temple   | Entered the Ecumenical Temple
  2149 | Temple   | Became a worshipper of Uskayaw the Reveller
  2422 | D:4      | Found a broken altar of Ashenzari.
  2449 | D:4      | Reached * piety under Uskayaw
  2638 | D:4      | Noticed a two-headed ogre
  2866 | D:3      | Bought a jewelled leather armour for 126 gold pieces
  2866 | D:3      | Identified the +4 leather armour "Cumurib" {Contam Regen+
                  | Str+2} (You bought it in a shop on level 3 of the Dungeon)
  2896 | D:5      | Entered Level 5 of the Dungeon
  3018 | D:5      | Reached ** piety under Uskayaw
  3045 | D:4      | Reached *** piety under Uskayaw
  3061 | D:5      | Reached **** piety under Uskayaw
  3065 | D:5      | Reached XP level 7. HP: 38/44 MP: 7/7
  3081 | D:5      | Reached skill level 5 in Fighting
  3092 | D:5      | Reached ***** piety under Uskayaw
  3095 | D:5      | Reached skill level 6 in Ranged Weapons
  3108 | D:5      | Reached ****** piety under Uskayaw
  3182 | D:5      | Found an iron altar of Okawaru.
  3347 | D:5      | Found a shimmering altar of Xom.
  3550 | D:6      | Reached XP level 8. HP: 51/51 MP: 8/8
  3570 | D:6      | Noticed Maggie
  3637 | D:6      | Found Anat's General Store.
  3667 | D:6      | Found Biovvohy's Antique Armour Emporium.
  3720 | D:5      | Reached skill level 7 in Ranged Weapons
  3818 | D:6      | Found Ucowk's Weapon Boutique.
  3819 | D:6      | Found Hiuf's Book Shoppe.
  4050 | D:6      | Killed Maggie
  4051 | D:6      | Reached skill level 8 in Ranged Weapons
  4273 | D:6      | Identified the +8 falchion of Zimoehac {vamp, rElec}
  4432 | D:7      | Found a stormy altar of Qazlal.
  4465 | D:7      | Reached XP level 9. HP: 59/59 MP: 9/9
  4502 | D:6      | Reached skill level 9 in Ranged Weapons
  4707 | D:7      | Reached skill level 10 in Ranged Weapons
  4892 | D:7      | Noticed a hornet
  4911 | D:7      | Killed a hornet
  4912 | D:7      | Reached skill level 11 in Ranged Weapons
  5063 | D:7      | Reached XP level 10. HP: 52/64 MP: 10/10
  5075 | D:7      | Reached skill level 12 in Ranged Weapons
  5700 | D:8      | Noticed Amaemon
  5703 | D:8      | Noticed an orange demon
  5748 | D:7      | Killed Amaemon
  5749 | D:7      | Reached skill level 13 in Ranged Weapons
  5866 | D:8      | Killed an orange demon
  6156 | D:8      | Found a shadowy altar of Dithmenos.
  6169 | D:8      | Reached skill level 14 in Ranged Weapons
  6465 | D:8      | Reached XP level 11. HP: 48/68 MP: 11/11
  7166 | D:9      | Noticed a boulder beetle
  7261 | D:9      | Found Wuotaf's Weapon Shop.
  7261 | D:9      | Found a staircase to the Orcish Mines.
  7324 | D:9      | Reached skill level 15 in Ranged Weapons
  7454 | D:9      | Found an opulent altar of Gozag.
  7456 | D:9      | Found a sacrificial altar of Ru.
  7484 | D:9      | Found a staircase to the Lair.
  7491 | D:9      | Found Lobbabb's Book Shoppe.
  7564 | D:9      | Got the Vellum of Spellbinding and Companions
  8015 | D:9      | Upgraded the game from 0.30-a0-857-gcaf70739d4 to
                  | 0.31-a0-557-g6e16503903
  8065 | D:10     | Entered Level 10 of the Dungeon
  8096 | D:10     | Noticed Nergalle
  8110 | D:10     | Noticed a two-headed ogre
  8116 | D:10     | Killed from afar by Nergalle

Illustrated notes

Levels and vault maps discovered:
D:1:      dpeg_arrival_arbitrary_c, layout_basic,
          amcnicky_mini_rare_corridor_liquid
D:2:      layout_loops_ring, hellmonk_ecumenical_altar_arch_garden,
          nicolae_nh_oracle_at_delphi
D:3:      layout_rooms, serial_shops, nicolae_shop_waterfront
D:4:      layout_loops_cross, lemuel_crystal_altar, temple_statues,
          lightli_corner_chamber, uniq_eustachio
D:5:      layout_cave_pools, overflow_temple_1_default,
          overflow_temple_1_default, amcnicky_mini_pool_medium
D:6:      layout_loops_cross, serial_shops, nicolae_shop_hallway_stairs,
          nicolae_shop_advertising_works [nicolae_subvault_shop_adworks], shop,
          nicolae_shop_statue_plus, uniq_maggie
D:7:      layout_loops_ring, grunt_qazlal_sundering, serial_bayou,
          serial_bayou_pond_a, serial_bayou_shore_a, serial_bayou_pond_b,
          serial_bayou_pond_a
D:8:      lemuel_ratsnest, layout_cave_pods,
          nicolae_dithmenos_through_a_glass_darkly, uniq_amaemon
D:9:      layout_loops_ring, nicolae_overflow_hidden_temple, lair_entry_dummy,
          orc_david_3, serial_shops, nicolae_shop_waterfront
D:10:     layout_grid_maze, serial_ice, serial_ice_o, serial_ice_d,
          serial_ice_b, serial_ice_k, enter_bailey_4, minmay_shop_damaged,
          bh_walls_and_bars, uniq_nergalle, uniq_erica, uniq_psyche
Temple:   minmay_freezing_vapour_temple

Skill      XL: |  1  2  3  4  5  6  7  8  9 10 11 |
---------------+----------------------------------+-----
Dodging        | 2 3 |  3.0
Stealth        | 2 3 |  3.7
Fighting       | 3 4 6 8 |  8.0
Ranged Weapons | 5 6 8 11 14 15 | 15.2

Action                     |  1- 3 |  4- 6 |  7- 9 | 10-12 || total
---------------------------+-------+-------+-------+-------++-------
  Melee: Unarmed           |       |       |     7 |       ||     7
   Fire: Shortbow          |   106 |   140 |   442 |   581 ||  1269
    Use: Scroll            |     5 |     3 |    11 |     4 ||    23
 Armour: Leather armour    |    13 |    73 |   185 |   224 ||   495
         Skin              |       |       |     1 |       ||     1
  Dodge: Dodged            |    16 |   104 |   189 |   332 ||   641

Table legend: (Time is in decaauts)
 A = Elapsed time spent in this place.
 B = Non-inter-level travel time spent in this place.
 C = Inter-level travel time spent in this place.
 D = Time resting spent in this place.
 E = Time spent auto-exploring this place.
 F = Levels seen in this place.
 G = Mean time per level.
                   A        B        C        D        E       F      G
               +--------+--------+--------+--------+--------+-----+--------+
         Total |   8161 |   7718 |    443 |    614 |   4873 |  11 |  741.9 |
       Dungeon |   8150 |   7707 |    443 |    614 |   4873 |  10 |  815.0 |
        Temple |     10 |     10 |      0 |      0 |      0 |   1 |   10.0 |
               +--------+--------+--------+--------+--------+-----+--------+

Top non-repeatable levels by time:
     D:7: 1362 daAuts
     D:8: 1276 daAuts
     D:9: 915 daAuts
     D:4: 904 daAuts
     D:6: 889 daAuts
     D:1: 838 daAuts
     D:5: 684 daAuts
     D:3: 635 daAuts
     D:2: 604 daAuts
    D:10: 39 daAuts
  Temple: 10 daAuts
